Map: [TLMC15] Glittering Ashes

Players

Solar - Winner!

  • Race: Zerg Zerg

Lambo

  • Race: Zerg Zerg

Event: StayAtHome Story Cup #4

VOD

Have the link to the VOD?

Description

Time

  • Played on: Oct. 23, 2021, 12:52 p.m.
  • Length: 7:14

All games in this series

Show
View Real Time Build Order
Export as new Build Order

Solar Zerg - Winner!

Build Orders: Hatch First 

Get SALT Encoding   

  12  0:00  Drone  
  13  0:12  Overlord  
  13  0:17  Drone  
  14  0:32  Drone x2  
  16  0:47  Hatchery  
  15  0:51  Drone  
  15  0:54  Drone  
  17  0:58  Drone  
  18  1:08  Extractor  
  17  1:13  Spawning Pool  
  17  1:15  Drone  
  17  1:19  Drone  
  18  1:28  Drone  
  19  1:39  Drone  
  20  1:50  Overlord  
  20  1:59  Queen  
  20  2:00  Queen  
  24  2:01  Zergling x2  
  24  2:02  Drone  
  26  2:09  Drone  
  26  2:12  Drone, Metabolic Boost  
  28  2:20  Drone  
  28  2:22  Drone  
  30  2:34  Hatchery  
  30  2:36  Zergling x2  
  30  2:38  Drone  
  31  2:46  Baneling Nest  
  31  2:47  Drone  
  31  2:49  Drone  
  32  2:54  Overlord  
  32  2:56  Drone  
  33  3:05  Drone x2  
  35  3:08  Zergling x2  
  36  3:13  Zergling x4  
  36  3:14  Drone x3  
  36  3:18  Overlord  
  41  3:23  Overlord  
  42  3:27  Drone  
  42  3:32  Evolution Chamber  
  42  3:33  Drone  
  43  3:36  Evolution Chamber  
  43  3:38  Drone  
  43  3:43  Drone x2  
  43  3:44  Lair  
  43  3:46  Drone  
  43  3:47  Extractor  
  45  3:49  Drone  
  45  3:52  Queen  
  48  3:57  Zergling x4  
  48  3:58  Drone  
  48  4:01  Overlord  
  50  4:03  Drone  
  50  4:05  Drone  
  50  4:07  Drone  
  53  4:10  Zerg Melee Weapons Level 1  
  53  4:11  Drone  
  53  4:13  Zergling x2  
  53  4:15  Zergling x2  
  56  4:19  Drone  
  56  4:20  Drone  
  56  4:22  Extractor x2  
  56  4:23  Drone x3  
  58  4:31  Roach Warren  
  58  4:33  Overlord  
  58  4:34  Drone  
  58  4:35  Drone  
  58  4:37  Drone  
  61  4:38  Drone  
  61  4:41  Zergling x2  
  61  4:43  Drone  
  63  4:50  Spire  
  63  4:52  Zergling x4  
  64  4:54  Drone  
  64  4:55  Drone  
  64  4:57  Zergling x2  
  67  5:01  Overlord  
  67  5:02  Drone  
  67  5:04  Drone  
  67  5:06  Zergling x4  
  71  5:09  Extractor x2  
  71  5:10  Overlord  
  71  5:11  Zergling x2  
  71  5:14  Zergling x2  
  71  5:15  Zergling x2  
  71  5:16  Zergling x2  
  71  5:20  Zergling x4  
  75  5:22  Drone  
  75  5:25  Overlord  
  73  5:39  Zergling x4  
  71  5:44  Overlord  
  69  6:01  Baneling  
  69  6:02  Mutalisk x8  
  85  6:05  Mutalisk  
  85  6:10  Zergling x8  
  90  6:16  Overlord  
  90  6:18  Zergling x10  
  95  6:23  Mutalisk  
  95  6:26  Zergling x6  
  97  6:34  Mutalisk  
  97  6:38  Mutalisk, Baneling  
  97  6:39  Zergling x2  
  105  6:40  Zergling x6  
  105  6:44  Overlord  
  105  6:46  Mutalisk  
  105  6:53  Zergling x2  
  101  6:54  Baneling  
Show
View Real Time Build Order
Export as new Build Order

Lambo Zerg 

Build Orders: Hatch First 

Get SALT Encoding   

  12  0:00  Drone  
  13  0:12  Overlord  
  13  0:18  Drone  
  14  0:31  Drone x2  
  16  0:47  Hatchery  
  15  0:51  Drone  
  15  0:54  Drone  
  17  0:57  Drone  
  18  1:09  Extractor  
  17  1:13  Spawning Pool  
  17  1:16  Drone  
  17  1:19  Drone  
  18  1:28  Drone  
  19  1:39  Drone  
  20  1:50  Drone  
  21  1:59  Queen x2  
  21  2:00  Overlord, Zergling x2  
  26  2:10  Drone x2  
  28  2:15  Metabolic Boost  
  28  2:20  Drone  
  28  2:21  Zergling x2  
  30  2:31  Drone  
  30  2:32  Drone  
  30  2:37  Hatchery  
  31  2:42  Drone  
  32  2:45  Baneling Nest  
  32  2:49  Overlord  
  31  2:54  Drone  
  31  2:55  Drone  
  33  3:05  Drone  
  34  3:06  Zergling x2  
  34  3:09  Queen  
  40  3:12  Drone x3  
  40  3:15  Zergling x2  
  40  3:19  Drone, Zergling x2  
  43  3:22  Overlord  
  43  3:30  Drone x2, Evolution Chamber  
  43  3:31  Baneling  
  44  3:38  Overlord  
  44  3:41  Drone x3  
  46  3:44  Drone  
  48  3:49  Drone x3  
  48  3:54  Drone x2  
  48  3:55  Zerg Melee Weapons Level 1  
  53  4:01  Drone x2  
  55  4:06  Baneling  
  55  4:09  Drone x2  
  56  4:10  Extractor  
  56  4:12  Drone x3  
  56  4:13  Drone  
  59  4:19  Lair  
  59  4:20  Roach Warren, Drone  
  59  4:21  Drone  
  60  4:25  Drone x2  
  60  4:27  Extractor  
  60  4:28  Extractor  
  60  4:30  Drone x3  
  63  4:31  Drone  
  63  4:36  Drone  
  65  4:39  Drone  
  65  4:43  Overlord  
  66  4:49  Overlord  
  66  4:52  Extractor  
  65  4:53  Extractor  
  65  4:55  Overlord  
  65  4:57  Drone x2  
  65  4:58  Overlord  
  66  5:00  Overlord  
  66  5:05  Drone x6  
  71  5:09  Zergling x2  
  71  5:14  Zergling x2  
  73  5:19  Zergling x10  
  78  5:23  Zergling x2  
  78  5:26  Zergling x2  
  80  5:31  Zergling x8  
  83  5:36  Zergling x2  
  83  5:38  Zergling x6  
  84  5:44  Spire  
  84  5:45  Zergling x4  
  84  5:49  Zergling x2  
  88  5:50  Zergling x6  
  88  5:51  Baneling x2  
  88  5:53  Zergling x2  
  88  5:55  Zergling x2  
  89  5:58  Overlord  
  89  6:02  Hatchery  
  89  6:04  Zergling x2  
  89  6:08  Zergling x8  
  92  6:18  Overlord  
  87  6:25  Zergling x8  
  87  6:26  Zergling x10  
  97  6:46  Overlord x3  
  93  6:50  Extractor  
  86  6:55  Extractor  
Tags
 
Add a new tag
Caveats
  • Supply blocks, unpowered buildings, or Contaminate may cause inaccurate times.
  • Supply counts are checked every 10 seconds.